 Dungeon Crawl Stone Soup version 0.27.0-1-g7a089689b8 (webtiles) character file.

Game seed: 40394303494993316

80650 Spaninq the Quickloader (level 15, -3/118 HPs)
             Began as a Gnoll Hunter on Aug 13, 2021.
             Was an Elder of Ashenzari.
             Engulfed by a death drake (shapeshifter)'s foul pestilence (12 damage)
             ... on level 12 of the Dungeon on Aug 14, 2021.
             The game lasted 02:00:59 (37860 turns).

Spaninq the Quickloader (Gnoll Hunter)             Turns: 37860, Time: 02:01:00

Health: -3/118     AC: 23    Str: 17    XL:     15   Next: 67%
Magic:  29/29      EV: 13    Int:  9    God:    Ashenzari [****..]
Gold:   2572       SH: 18    Dex: 10    Spells: 34/34 levels left

rFire    + . .     SeeInvis +   S - +7 scimitar of the Poles {flame, rC+ Dex-2 SInv}
rCold    + . .     Faith    .   r - +0 kite shield
rNeg     + + .     Spirit   .   O - +1 fire dragon scales of the Poles {-Cast rF++ rC- Will++}
rPois    +         Reflect  +   v - +2 hat "Jealousy of Ashenzari" {Will+, Bglg, Fort} (curse)
rElec    .         Harm     .   t - +0 cloak "Oracular Unpleasantness" {Evo, Alch} (curse)
rCorr    +         Rampage  .   b - +0 pair of gloves "Soothsayer of Ashenzari" {Melee, Range} (curse)
Will     ++++.     Clarity  +   J - +2 pair of boots of Ashenzari's Discomfort {Fly, Fort, Range} (curse) Stlth +++.......NoCast +
                                q - amulet of Ouranomancy {Reflect SH+5, Range, Fort} (curse)
HPRegen  0.29/turn              G - ring "Share My Paranoia" {Slay+4, Cun, Range} (curse)
MPRegen  0.21/turn              T - ring of the Four Planets {Ice rPois rN++ rCorr Int-3}

@: flying, slowed, very slow
A: fangs 1, strong nose, distributed training
a: Renounce Religion, Curse Item, Shatter the Chains


You were on level 12 of the Dungeon.
You worshipped Ashenzari.
Ashenzari was greatly pleased with you.
You visited 5 branches of the dungeon, and saw 22 of its levels.
You also visited: Gauntlet.

You collected 4153 gold pieces.
You spent 1581 gold pieces at shops.

Inventory:

Hand Weapons
 a - a +1 hand crossbow
 n - a +1 whip of venom
 E - the +7 hand axe of Reinforcement {holy, Dex+5}
   (You found it on level 5 of the Dungeon)

   It has been blessed by the Shining One to cause great damage to the undead
   and demons.
   Dex:       It affects your dexterity (+5).
 Q - a +2 vorpal arbalest
 S - the +7 scimitar of the Poles (weapon) {flame, rC+ Dex-2 SInv}
   (You took it off a necromancer on level 6 of the Lair of Beasts)

   It burns those it strikes, dealing additional fire damage.
   Big, fiery blades are also staple armaments of hydra-hunters.
   Dex:       It affects your dexterity (-2).
   rC:        It protects you from cold.
   SInv:      It lets you see invisible.
Missiles
 d - 67 bolts
Armour
 b - the cursed +0 pair of gloves "Soothsayer of Ashenzari" (worn) {Melee, Range}
   (You found it on level 4 of the Dungeon)

   It has a curse which improves the following skills: Melee Combat: Short
   Blades, Long Blades, Axes, Maces & Flails, Polearms, Staves and Unarmed
   Combat.
   Ranged Combat: Slings, Bows, Crossbows and Throwing.
 r - a +0 kite shield (worn)
 t - the cursed +0 cloak "Oracular Unpleasantness" (worn) {Evo, Alch}
   (You found it on level 3 of the Dungeon)

   It has a curse which improves the following skills: Evocations: Evocations.
   Alchemy:   Poison Magic and Transmutations.
 v - the cursed +2 hat "Jealousy of Ashenzari" (worn) {Will+, Bglg, Fort}
   (You acquired it on level 10 of the Dungeon)

   It has a curse which improves the following skills: Beguiling: Conjurations,
   Hexes and Translocations.
   Fortitude: Armour and Shields.
 J - the cursed +2 pair of boots of Ashenzari's Discomfort (worn) {Fly, Fort, Range}
   (You bought it in a shop on level 8 of the Dungeon)

   It has a curse which improves the following skills: Fortitude: Armour and
   Shields.
   Ranged Combat: Slings, Bows, Crossbows and Throwing.
 N - a +4 plate armour of willpower
 O - the +1 fire dragon scales of the Poles (worn) {-Cast rF++ rC- Will++}
   (You found it in a Gauntlet)

   rF:        It greatly protects you from fire.
   rC:        It makes you vulnerable to cold.
   -Cast:     It prevents spellcasting.
   Will:      It greatly increases your willpower.
Jewellery
 j - a ring of ice
 q - the cursed amulet of Ouranomancy (around neck) {Reflect SH+5, Range, Fort}
   (You found it on level 2 of the Dungeon)

   [amulet of reflection]

   It reflects blocked missile attacks.
   SH:        It affects your SH (+5).
   It has a curse which improves the following skills: Ranged Combat: Slings,
   Bows, Crossbows and Throwing.
   Fortitude: Armour and Shields.
 x - a +4 ring of protection
 G - the cursed ring "Share My Paranoia" (left hand) {Slay+4, Cun, Range}
   (You found it on level 5 of the Dungeon)

   [ring of slaying]

   Slay:      It affects your accuracy & damage with ranged weapons and melee
   (+4).
   It has a curse which improves the following skills: Cunning: Dodging and
   Stealth.
   Ranged Combat: Slings, Bows, Crossbows and Throwing.
 T - the ring of the Four Planets (right hand) {Ice rPois rN++ rCorr Int-3}
   (You found it on level 10 of the Dungeon)

   [ring of ice]

   It enhances your ice magic.
   Int:       It affects your intelligence (-3).
   rF:        It makes you vulnerable to fire.
   rC:        It protects you from cold.
   rPois:     It protects you from poison.
   rN:        It greatly protects you from negative energy.
   rCorr:     It protects you from acid and corrosion.
 W - a +4 ring of slaying
Wands
 l - a wand of paralysis (12)
 m - a wand of flame (69)
 s - a wand of polymorph (19)
 L - a wand of acid (31)
 R - a wand of charming (17)
Scrolls
 e - 4 scrolls of enchant weapon
 f - 2 scrolls of fear
 i - 10 scrolls of teleportation
 p - 4 scrolls of enchant armour
 u - a scroll of summoning
 y - 4 scrolls of holy word
 A - a scroll of silence
 C - 2 scrolls of fog
 D - 5 scrolls of magic mapping
 F - 3 scrolls of amnesia
 H - 3 scrolls of blinking
 K - a scroll of brand weapon
Potions
 c - 3 potions of cancellation
 g - 3 potions of haste
 h - 3 potions of flight
 k - 3 potions of invisibility
 o - a potion of berserk rage
 w - a potion of might
 z - 6 potions of brilliance
 B - 2 potions of resistance
 I - a potion of magic
 P - a potion of ambrosia
 U - a potion of curing


   Skills:
 + Level 11.1 Fighting
 + Level 10.2(12.3) Short Blades
 + Level 10.2(12.3) Long Blades
 + Level 10.2(12.3) Axes
 + Level 10.2(12.3) Maces & Flails
 + Level 10.2(12.3) Polearms
 + Level 10.2(12.3) Staves
 + Level 10.2(15.4) Slings
 + Level 10.2(15.4) Bows
 + Level 12.9(17.9) Crossbows
 + Level 10.2(15.4) Throwing
 + Level 10.2(14.5) Armour
 + Level 11.1(13.1) Dodging
 + Level 10.5(12.5) Stealth
 + Level 10.2(14.5) Shields
 + Level 10.2(12.3) Unarmed Combat
 + Level 10.2 Spellcasting
 + Level 8.6(10.9) Conjurations
 + Level 8.6(10.9) Hexes
 + Level 8.6 Summonings
 + Level 8.6 Necromancy
 + Level 8.6(10.9) Translocations
 + Level 8.6(10.9) Transmutations
 + Level 8.6 Fire Magic
 + Level 8.6 Ice Magic
 + Level 8.6 Air Magic
 + Level 8.6 Earth Magic
 + Level 8.6(10.9) Poison Magic
 + Level 11.1 Invocations
 + Level 10.2(12.3) Evocations


You had 34 spell levels left.
You didn't know any spells.
Your spell library contained the following spells:

 Spells                   Type           Power      Damage    Failure   Level
 Animate Skeleton         Necr           40%        N/A       1%          1
 Pain                     Necr           80%        1d8       1%          1
 Shock                    Conj/Air       88%        1d8       1%          1
 Summon Small Mammal      Summ           80%        N/A       1%          1
 Passwall                 Tmut/Erth      18%        N/A       1%          2
 Dazzling Flash           Conj/Hex       48%        N/A       1%          3
 Gell's Gravitas          Tloc           12%        N/A       1%          3
 Lesser Beckoning         Tloc           12%        N/A       1%          3
 Portal Projectile        Hex/Tloc       48%        N/A       1%          3
 Teleport Other           Tloc           24%        N/A       1%          3
 Summon Guardian Golem    Hex/Summ       22%        N/A       2%          3
 Call Canine Familiar     Summ           20%        N/A       3%          3
 Swiftness                Air            20%        N/A       3%          3
 Vampiric Draining        Necr           10%        2d7       3%          3
 Iskenderun's Mystic Bla  Conj/Tloc      24%        2d7       4%          4
 Airstrike                Air            10%        N/A       13%         4
 Blade Hands              Tmut           12%        N/A       14%         5
 Iskenderun's Battlesphe  Conj           24%        2d8       14%         5
 Freezing Cloud           Conj/Ice/Air   16%        6-21      26%         5
 Excruciating Wounds      Necr           10%        N/A       34%         5
 Invisibility             Hex            12%        N/A       61%         6
 Iron Shot                Conj/Erth      11%        9d3       77%         6
 Starburst                Conj/Fire      11%        8x6d5     77%         6
 Simulacrum               Ice/Necr       15%        N/A       89%         6
 Spellforged Servitor     Conj/Summ      11%        N/A       100%        7
 Polar Vortex             Ice            15%        N/A       100%        9


Dungeon Overview and Level Annotations

Branches:
Dungeon (12/15)            Temple (1/1) D:5            Lair (6/6) D:9
 Shoals (0/4) Lair:3       Spider (0/4) Lair:2        Slime (0/5) Lair:6
    Orc (2/2) D:12            Elf (1/3) Orc:2       Gauntlet (visited)

Altars:
Ashenzari
Cheibriados
Dithmenos
Elyvilon
Fedhas
Gozag
Hepliaklqana
Kikubaaqudgha
Makhleb
Nemelex Xobeh
Okawaru
Qazlal
Ru
Sif Muna
Trog
Uskayaw
Vehumet
Wu Jian
Xom
Yredelemnul
Zin
The Shining One
Jiyva

Shops:
D:8 [   Orc:2 *![?[

Annotations:
D:8 exclusion: ice statue
D:12 2 runed translucent doors
Lair:4 2 transporters
Elf:1 3 runed translucent doors, Gerad's ghost, veteran VSAK; Heg Cuhi's ghost, adept MiFi; Hynwimna's ghost, veteran MiGl


Innate Abilities, Weirdness & Mutations

You have very sharp teeth.
Your uncanny sense of smell can sniff out nearby items.
Your experience applies equally to all skills.


Message History

You feel extremely sick. You block the wraith's attack. x2
Unknown command.
You are engulfed in dark miasma.
You are more poisoned.
You feel as though you will be slow longer.
You feel extremely sick.
You barely miss the wraith.
The wraith is severely damaged.
* * * LOW HITPOINT WARNING * * *
You feel extremely sick. You block the wraith's attack.
Unknown command.
You feel better. You block the wraith's attack. x2
As you read the scroll of teleportation, it crumbles to dust.
You feel strangely unstable. You block the wraith's attack.
You slash the wraith! You burn the wraith.
You destroy the wraith!
The death drake breathes miasma at you. The foul vapour engulfs you!
You are poisoned.
* * * LOW HITPOINT WARNING * * *
You feel better.
You are engulfed in dark miasma.
You are poisoned.
* * * LOW HITPOINT WARNING * * *
Your surroundings seem slightly different.
* * * LOW HITPOINT WARNING * * *
You feel extremely sick.
You feel better. The death drake breathes miasma at you.
The foul vapour engulfs you.
* * * LOW HITPOINT WARNING * * *
You are engulfed in dark miasma.
* * * LOW HITPOINT WARNING * * *
You see here a vampire mosquito corpse.
The death drake breathes miasma at you.
The foul vapour engulfs you but does no damage.
You are engulfed in dark miasma.
You feel as though you will be slow longer.
You die...

##.###.##☼###.#####.###.##..##.##
#...#○##...###.###.###.####.##.##
##.##○##.#.####°#°####...##......
.#.#.##.#.#.####°######...##.#.#.
.###.##..°..####°####..##.##.....
#.#.##..†.☼..###°####....####.#.#
#.#.##.#^#.#.###°###.##....##)..#
##D##.#.#[#.#.##°##....##...##.##
.#y##........k##@##......##.##.#.
^##.##########°○############..##.
..#O###########################..
..##.############.,*******#####.#
...##.#######.**,**,,8,8,8,.##..#
...###.'.Co+.#**,**8,,,,,,,8##.##
#...####{D.###*,,,**,,≈,≈,.##..##
#...####Cy.##**,∆,**8,,8,,8##.###
##>..###W..##*,,,,,**,,≈,.##.....


There were no monsters in sight!

Vanquished Creatures
  3 dire elephants (Lair:6)
  A minotaur (Gauntlet)
  A fire dragon (D:12)
  3 boulder beetles
  4 hydras
  A rakshasa (D:12)
  2 ogre magi (Orc:2)
  2 catoblepae
  A death knight (D:10)
  12 two-headed ogres
  A dancing weapon (Elf:1)
  6 death yaks
  Erica (D:8)
  Nergalle (Lair:3)
  Urug (Lair:4)
  An iron troll (Orc:1)
  A fire crab (Lair:6)
  A spectral anaconda (Lair:6)
  2 obsidian statues
  An orc knight (Orc:1)
  4 necromancers (Lair:6)
  A deep troll (Orc:2)
  An ugly thing (D:10)
  An orc sorcerer (Orc:2)
  The ghost of MeowMasterZ the Schismatic, a novice DjIE of Lugonu (D:6)
  21 elephants
  4 oklob plants (Lair:6)
  5 cyclopes
  A manticore (D:11)
  A dire elephant zombie (Lair:6)
  3 black mambas
  4 gargoyles
  13 cane toads
  2 torpor snails
  A dire elephant skeleton (Lair:6)
  Maggie (D:8)
  3 rime drakes
  2 minotaur zombies (Gauntlet)
  9 komodo dragons
  An anaconda simulacrum (Lair:2)
  11 trolls
  A polar bear (Lair:5)
  12 blink frogs
  A wolf spider simulacrum (Lair:2)
  4 dream sheep
  A dream sheep (shapeshifter) (D:12)
  2 spectral elephants (Lair:6)
  A centaur simulacrum (Gauntlet)
  2 wraiths
  A shadow (D:12)
  4 basilisks
  5 wyverns
  34 yaks
  3 steam dragons
  4 vampire mosquitoes
  3 wargs
  A death yak simulacrum (Lair:6)
  A spectral cane toad (Lair:6)
  10 water moccasins
  A meliai simulacrum (Gauntlet)
  3 elephant zombies (Lair:6)
  A sky beast (D:7)
  13 orc warriors
  An ice beast (D:6)
  19 ogres
  5 black bears
  13 wolves
  A black mamba simulacrum (Lair:2)
  7 centaurs
  A phantom (D:7)
  2 elephant skeletons (Lair:6)
  A kobold brigand (D:7)
  4 gnoll sergeants
  2 scorpions (D:6)
  5 bullfrogs
  A cane toad simulacrum (Lair:6)
  A wyvern skeleton (D:7)
  An elephant simulacrum (Lair:6)
  13 killer bees
  A blink frog simulacrum (Lair:2)
  9 wights
  2 electric eels (Lair:2)
  7 howler monkeys
  A wyvern simulacrum (Gauntlet)
  4 hounds
  A jelly (D:5)
  13 orc priests
  4 centaur zombies
  Crazy Yiuf (D:2)
  2 gnoll shamans (D:6)
  A centaur skeleton (D:7)
  6 iguanas
  A water moccasin simulacrum (Lair:2)
  Jessica (D:3)
  3 bullfrog skeletons
  Natasha (thrice) (D:2)
  12 orc wizards
  3 howler monkey zombies
  20 gnolls
  7 adders
  2 shadow imps (D:6)
  A white imp (D:7)
  An ufetubus (D:5)
  4 dart slugs
  47 orcs
  7 endoplasms
  5 giant cockroaches
  8 goblins
  8 hobgoblins
  9 jackals
  12 kobolds
  6 quokkas
  6 ball pythons
  8 bats
  6 frilled lizards
  3 rats
556 creatures vanquished.

Vanquished Creatures (others)
  A centaur zombie (D:9)
  5 demonic plants (D:3)
  22 fungi
  55 plants
  31 withered plants
114 creatures vanquished.

Grand Total: 670 creatures vanquished

Notes
Turn   | Place    | Note
-------+----------+-------------------------------------------
     0 | D:1      | Spaninq the Gnoll Hunter began the quest for the Orb.
     0 | D:1      | Reached XP level 1. HP: 20/20 MP: 1/1
   433 | D:1      | Reached XP level 2. HP: 26/26 MP: 2/2
  1172 | D:1      | Reached XP level 3. HP: 27/31 MP: 3/3
  2155 | D:2      | Reached skill level 1 in Invocations
  2204 | D:2      | Reached skill level 1 in Short Blades
  2204 | D:2      | Reached skill level 1 in Long Blades
  2204 | D:2      | Reached skill level 1 in Axes
  2204 | D:2      | Reached skill level 1 in Maces & Flails
  2204 | D:2      | Reached skill level 1 in Polearms
  2204 | D:2      | Reached skill level 1 in Staves
  2204 | D:2      | Reached skill level 1 in Slings
  2204 | D:2      | Reached skill level 1 in Bows
  2204 | D:2      | Reached skill level 1 in Throwing
  2204 | D:2      | Reached skill level 1 in Armour
  2204 | D:2      | Reached skill level 1 in Shields
  2204 | D:2      | Reached skill level 1 in Unarmed Combat
  2204 | D:2      | Reached skill level 1 in Spellcasting
  2204 | D:2      | Reached skill level 1 in Evocations
  2204 | D:2      | Reached XP level 4. HP: 36/38 MP: 5/5
  2657 | D:2      | Noticed Natasha
  2686 | D:2      | Killed Natasha
  2687 | D:2      | Reached skill level 1 in Conjurations
  2687 | D:2      | Reached skill level 1 in Hexes
  2687 | D:2      | Reached skill level 1 in Summonings
  2687 | D:2      | Reached skill level 1 in Necromancy
  2687 | D:2      | Reached skill level 1 in Translocations
  2687 | D:2      | Reached skill level 1 in Transmutations
  2687 | D:2      | Reached skill level 1 in Fire Magic
  2687 | D:2      | Reached skill level 1 in Ice Magic
  2687 | D:2      | Reached skill level 1 in Air Magic
  2687 | D:2      | Reached skill level 1 in Earth Magic
  2687 | D:2      | Reached skill level 1 in Poison Magic
  3107 | D:2      | Reached XP level 5. HP: 43/43 MP: 6/6
  3352 | D:2      | Found a runed translucent door.
  3353 | D:2      | Noticed Crazy Yiuf
  3563 | D:2      | Noticed Natasha
  3573 | D:2      | Killed Natasha
  3674 | D:2      | Noticed Natasha
  3692 | D:2      | Killed Natasha
  4319 | D:3      | Reached XP level 6. HP: 45/50 MP: 8/8
  4507 | D:3      | Noticed Jessica
  4515 | D:3      | Killed Jessica
  4536 | D:3      | Found an opulent altar of Gozag.
  4545 | D:3      | Found a basalt altar of Yredelemnul.
  4790 | D:3      | Found a faded altar of an unknown god.
  4816 | D:3      | Reached skill level 5 in Fighting
  4816 | D:3      | Reached skill level 5 in Dodging
  6263 | D:5      | Entered Level 5 of the Dungeon
  6449 | D:5      | Reached XP level 7. HP: 52/56 MP: 10/10
  6563 | D:5      | Noticed a troll
  6625 | D:5      | Identified the +7 hand axe of Reinforcement {holy, Dex+5}
  7082 | D:5      | Found a staircase to the Ecumenical Temple.
  7100 | Temple   | Entered the Ecumenical Temple
  7287 | Temple   | Became a worshipper of Ashenzari the Shackled
  7608 | D:5      | Reached skill level 9 in Crossbows
  7692 | D:5      | Noticed a wraith
  7736 | D:5      | Killed a wraith
  7737 | D:5      | Reached XP level 8. HP: 27/63 MP: 12/12
  8154 | D:6      | Found a runed translucent door.
  8158 | D:6      | Noticed MeowMasterZ's ghost (novice DjIE)
  8778 | D:6      | Reached XP level 9. HP: 57/69 MP: 14/14
  9932 | D:7      | Identified a scroll of acquirement
  9958 | D:7      | Acquired 1173 gold pieces
 10112 | D:7      | Reached skill level 5 in Stealth
 10488 | D:7      | Reached skill level 5 in Invocations
 10897 | D:7      | Reached XP level 10. HP: 77/77 MP: 17/17
 11743 | D:5      | Reached skill level 5 in Short Blades
 11743 | D:5      | Reached skill level 5 in Long Blades
 11743 | D:5      | Reached skill level 5 in Axes
 11743 | D:5      | Reached skill level 5 in Maces & Flails
 11743 | D:5      | Reached skill level 5 in Polearms
 11743 | D:5      | Reached skill level 5 in Staves
 11743 | D:5      | Reached skill level 5 in Slings
 11743 | D:5      | Reached skill level 5 in Bows
 11743 | D:5      | Reached skill level 5 in Throwing
 11743 | D:5      | Reached skill level 5 in Armour
 11743 | D:5      | Reached skill level 5 in Shields
 11743 | D:5      | Reached skill level 5 in Unarmed Combat
 11743 | D:5      | Reached skill level 5 in Spellcasting
 11743 | D:5      | Reached skill level 5 in Evocations
 12152 | D:8      | Reached * piety under Ashenzari
 12428 | D:2      | Killed Crazy Yiuf
 12705 | D:8      | Noticed Maggie
 12720 | D:8      | Killed Maggie
 12908 | D:8      | Noticed an ice statue
 12909 | D:8      | Identified the +4 ring mail of Feaney {rC- rN+ Int+4}
 12980 | D:8      | Found Ischy Pyxi's Antique Armour Shoppe.
 12988 | D:8      | Bought a pair of glowing boots for 157 gold pieces
 12988 | D:8      | Bought a ruby-studded ring mail for 189 gold pieces
 12988 | D:8      | Identified the +2 ring mail "Damnable Contraption"
                  | {*Corrode rElec rN+ Regen+} (You bought it in a shop on
                  | level 8 of the Dungeon)
 13013 | D:8      | Reached skill level 10 in Crossbows
 13401 | D:8      | Noticed Erica
 13409 | D:8      | Killed Erica
 13983 | D:9      | Reached ** piety under Ashenzari
 14593 | D:9      | Found a staircase to the Lair.
 14862 | D:9      | Noticed a two-headed ogre
 14867 | D:9      | Killed a two-headed ogre
 14986 | D:9      | Reached XP level 11. HP: 84/84 MP: 19/19
 15169 | D:9      | Noticed a two-headed ogre
 15178 | D:9      | Killed a two-headed ogre
 15179 | D:9      | Reached skill level 5 in Conjurations
 15179 | D:9      | Reached skill level 5 in Hexes
 15179 | D:9      | Reached skill level 5 in Summonings
 15179 | D:9      | Reached skill level 5 in Necromancy
 15179 | D:9      | Reached skill level 5 in Translocations
 15179 | D:9      | Reached skill level 5 in Transmutations
 15179 | D:9      | Reached skill level 5 in Fire Magic
 15179 | D:9      | Reached skill level 5 in Ice Magic
 15179 | D:9      | Reached skill level 5 in Air Magic
 15179 | D:9      | Reached skill level 5 in Earth Magic
 15179 | D:9      | Reached skill level 5 in Poison Magic
 15478 | Lair:1   | Entered Level 1 of the Lair of Beasts
 16225 | Lair:1   | Reached *** piety under Ashenzari
 16888 | Lair:2   | Found a transporter.
 16955 | Lair:2   | Found a transporter.
 17470 | Lair:2   | Found a hole to the Spider Nest.
 18258 | Lair:3   | Noticed Nergalle
 18683 | Lair:3   | Reached **** piety under Ashenzari
 18771 | Lair:3   | Reached XP level 12. HP: 86/93 MP: 22/22
 18837 | Lair:3   | Found a staircase to the Shoals.
 18930 | Lair:3   | Killed Nergalle
 19879 | Lair:4   | Found a transporter.
 19881 | Lair:4   | Found a transporter.
 19897 | Lair:4   | Noticed a boulder beetle
 19897 | Lair:4   | Noticed a boulder beetle
 19897 | Lair:4   | Noticed a boulder beetle
 20136 | Lair:4   | Noticed Urug
 20150 | Lair:4   | Killed Urug
 20151 | Lair:4   | Reached skill level 11 in Crossbows
 20174 | Lair:4   | Noticed a catoblepas
 20197 | Lair:4   | Killed a catoblepas
 21253 | Lair:5   | Noticed a five-headed hydra
 21258 | Lair:5   | Found the +6 lightning scales {swift, rElec}
 22281 | D:10     | Entered Level 10 of the Dungeon
 22437 | D:10     | Noticed a death knight
 22445 | D:10     | Killed a death knight
 22565 | D:10     | Identified the ring of the Four Planets {Ice rPois rN++
                  | rCorr Int-3}
 22856 | D:10     | Acquired a +2 hat of willpower
 23097 | D:11     | Noticed a boulder beetle
 23138 | D:11     | Killed a boulder beetle
 23139 | D:11     | Reached XP level 13. HP: 44/101 MP: 24/24
 24592 | D:12     | Found a gate leading to a gauntlet.
 24619 | Gauntlet | Entered a Gauntlet
 24619 | Gauntlet | Found a transporter.
 24619 | Gauntlet | Found a transporter.
 24619 | Gauntlet | Found a transporter.
 24619 | Gauntlet | Identified the +9 falchion of the Messenger {vorpal, Drain
                  | Str+5 SInv}
 24631 | Gauntlet | Found a transporter.
 24633 | Gauntlet | Found a transporter.
 24641 | Gauntlet | Found a transporter.
 24644 | Gauntlet | Found a transporter.
 24656 | Gauntlet | Found a transporter.
 24671 | Gauntlet | Found a transporter.
 24688 | Gauntlet | Found a transporter.
 24692 | Gauntlet | Found a transporter.
 24702 | Gauntlet | Found a transporter.
 25234 | Gauntlet | Identified the +1 fire dragon scales of the Poles {-Cast
                  | rF++ rC- Will++}
 25235 | Gauntlet | Noticed a minotaur
 25276 | Gauntlet | Killed a minotaur
 25557 | D:12     | Acquired 634 gold pieces
 25587 | D:12     | Found a staircase to the Orcish Mines.
 25988 | D:12     | Found a runed translucent door.
 25988 | D:12     | Found a runed translucent door.
 25991 | D:12     | Found a runed translucent door.
 25991 | D:12     | Noticed a fire dragon
 25991 | D:12     | Noticed a rakshasa
 26121 | Orc:1    | Entered Level 1 of the Orcish Mines
 26134 | Orc:1    | Found a bloodstained altar of Trog.
 26338 | Orc:2    | Entered Level 2 of the Orcish Mines
 26338 | Orc:2    | Found Romoup's Overcharged Wands.
 27979 | Orc:2    | Found a staircase to the Elven Halls.
 28082 | Orc:2    | Found Eqytwiamp's Distillery.
 28084 | Orc:2    | Found Biudwuip's Antique Armour Shoppe.
 28928 | Orc:2    | Reached XP level 14. HP: 86/109 MP: 26/26
 28964 | Orc:1    | Reached skill level 10 in Fighting
 28964 | Orc:1    | Reached skill level 12 in Crossbows
 28964 | Orc:1    | Reached skill level 10 in Dodging
 30076 | Orc:2    | Found Diaca's Magic Scroll Shop.
 30078 | Orc:2    | Bought a potion of haste for 100 gold pieces
 30078 | Orc:2    | Bought a potion of invisibility for 80 gold pieces
 30078 | Orc:2    | Bought a potion of haste for 100 gold pieces
 30085 | Orc:2    | Found Oticsac's Antique Armour Emporium.
 30089 | Orc:2    | Bought a scroll of enchant weapon for 97 gold pieces
 30104 | Orc:2    | Bought a runed plate armour for 858 gold pieces
 30431 | D:6      | Killed MeowMasterZ's ghost
 30615 | Elf:1    | Entered Level 1 of the Elven Halls
 30629 | Elf:1    | Found a runed translucent gate.
 30629 | Elf:1    | Found a runed translucent gate.
 30629 | Elf:1    | Found a runed translucent gate.
 30630 | Elf:1    | Noticed Heg Cuhi's ghost (adept MiFi)
 30630 | Elf:1    | Noticed Gerad's ghost (veteran VSAK)
 30630 | Elf:1    | Noticed Hynwimna's ghost (veteran MiGl)
 30632 | Elf:1    | Identified the ring "Faneusk" {+Blink rC- EV+4 Str+4 SInv}
 31331 | Lair:6   | Entered Level 6 of the Lair of Beasts
 31335 | Lair:6   | Reached skill level 10 in Invocations
 33909 | Lair:6   | Found a staircase to the Slime Pits.
 33909 | Lair:6   | Found a viscous altar of Jiyva.
 34405 | Lair:6   | Reached skill level 10 in Stealth
 34465 | Lair:6   | Reached XP level 15. HP: 116/117 MP: 28/28
 35245 | Lair:6   | Identified the +7 scimitar of the Poles {flame, rC+ Dex-2
                  | SInv}
 35314 | Lair:6   | Identified the ring "Doiduoba" {MP+9 Str+4}
 35885 | Lair:6   | Reached skill level 10 in Short Blades
 35885 | Lair:6   | Reached skill level 10 in Long Blades
 35885 | Lair:6   | Reached skill level 10 in Axes
 35885 | Lair:6   | Reached skill level 10 in Maces & Flails
 35885 | Lair:6   | Reached skill level 10 in Polearms
 35885 | Lair:6   | Reached skill level 10 in Staves
 35885 | Lair:6   | Reached skill level 10 in Slings
 35885 | Lair:6   | Reached skill level 10 in Bows
 35885 | Lair:6   | Reached skill level 10 in Throwing
 35885 | Lair:6   | Reached skill level 10 in Armour
 35885 | Lair:6   | Reached skill level 10 in Shields
 35885 | Lair:6   | Reached skill level 10 in Unarmed Combat
 35885 | Lair:6   | Reached skill level 10 in Spellcasting
 35885 | Lair:6   | Reached skill level 10 in Evocations
 37860 | D:12     | Engulfed by a death drake (shapeshifter)'s foul pestilence

Illustrated notes

Levels and vault maps discovered:
D:1:      minmay_arrival_widening_spiral_narrow, layout_basic
D:2:      minmay_razor_zed, layout_basic, uniq_natasha, uniq_crazy_yiuf_cottage
D:3:      layout_basic, mainiacjoe_overflow_swirl, shapermc_ecumenical_altar_gd,
          st_stairs_7, uniq_jessica
D:4:      layout_loops_corners
D:5:      minmay_chambers_of_fours, layout_rooms,
          minmay_temple_entry_nine_rooms, minmay_misc_feat_square
D:6:      minmay_angry_zag, layout_cave_pools, ebering_ghost_reflecting_pool,
          serial_gnoll_camp, gnoll_camp_mini_loothouse, gnoll_camp_medium_01,
          gnoll_camp_mini_basic, gnoll_camp_mini_house, serial_bayou_crossing
D:7:      layout_basic, kennysheep_generic_room_12
D:8:      cheibrodos_frozen_isle, layout_loops_corners, serial_shops, shop,
          uniq_maggie, uniq_erica
D:9:      layout_cave_pods, erik_lair_orcish_takeover, amcnicky_mini_pool_small
D:10:     layout_loops_ring, minmay_microvault
D:11:     layout_basic
D:12:     minmay_the_grid_triangle_9x9_recursive_3
          [minmay_the_grid_triangle_9x9_warning,
          minmay_the_grid_triangle_9x9_fully_insulated_deathbox,
          minmay_the_grid_triangle_9x9_shrine,
          minmay_the_grid_triangle_9x9_prize_special,
          minmay_the_grid_triangle_9x9_odd_lines,
          minmay_the_grid_triangle_9x9_minimal,
          minmay_the_grid_triangle_9x9_zippers_horizontal,
          minmay_the_grid_triangle_9x9_windchime,
          minmay_the_grid_triangle_9x9_descending_squares], layout_basic,
          gauntlet_entry_generic, uniq_snorg
Temple:   regret_index_temple_chain_breaker
Lair:1:   layout_gridlike, grunt_megastairs_1, lemuel_fruit_fields,
          lemuel_fruit_fields, infiniplex_staircase_pool
Lair:2:   gammafunk_cloud_chamber, layout_regular_city, dummy_spider_entry,
          serial_bayou, serial_bayou_pond_c, serial_bayou_shore_a,
          serial_bayou_lake_a, serial_bayou_pond_c, minivault_26
Lair:3:   layout_misc_corridors, minmay_shoals_entry_centaurs, st_stairs_3,
          uniq_nergalle
Lair:4:   gammafunk_boulding_lane, layout_regular_city, grunt_megastairs_4,
          serial_bayou_shore_b, uniq_urug
Lair:5:   nzn_winding_woodlands_medium [nzn_winding_woodlands_5x5_cross,
          nzn_winding_woodlands_5x15_default,
          nzn_winding_woodlands_5x5_closed_star,
          nzn_winding_woodlands_5x5_open_star,
          nzn_winding_woodlands_center_lodge, nzn_winding_woodlands_5x5_three,
          nzn_winding_woodlands_hourglass, nzn_winding_woodlands_5x15_garden,
          nzn_winding_woodlands_5x5_checkerboard], layout_gridlike
Lair:6:   due_jungle_book, layout_big_grid, slime_altar_1, grunt_megastairs_3,
          serial_bayou_shore_b, minmay_lair_oklob_chamber
Orc:1:    layout_caves, basic_altar
Orc:2:    st_orc_open, layout_caves, nicolae_shop_overcharged_wands
Elf:1:    layout_onion_city, gammafunk_ghost_cemetery, serial_shops, shop,
          hangedman_elf_disciples, drop_trap, nicolae_elf_variegated_diamond

Skill      XL: |  1  2  3  4  5  6  7  8  9 10 11 12 13 14 15 |
---------------+----------------------------------------------+-----
Invocations    | 1 2 3 4 5 6 7 8 9 10 11 | 11.1
Short Blades   | 1 2 3 4 5 6 7 8 9 10 | 10.2
Long Blades    | 1 2 3 4 5 6 7 8 9 10 | 10.2
Axes           | 1 2 3 4 5 6 7 8 9 10 | 10.2
Maces & Flails | 1 2 3 4 5 6 7 8 9 10 | 10.2
Polearms       | 1 2 3 4 5 6 7 8 9 10 | 10.2
Staves         | 1 2 3 4 5 6 7 8 9 10 | 10.2
Slings         | 1 2 3 4 5 6 7 8 9 10 | 10.2
Bows           | 1 2 3 4 5 6 7 8 9 10 | 10.2
Throwing       | 1 2 3 4 5 6 7 8 9 10 | 10.2
Armour         | 1 2 3 4 5 6 7 8 9 10 | 10.2
Shields        | 1 2 3 4 5 6 7 8 9 10 | 10.2
Unarmed Combat | 1 2 3 4 5 6 7 8 9 10 | 10.2
Spellcasting   | 1 2 3 4 5 6 7 8 9 10 | 10.2
Evocations     | 1 2 3 4 5 6 7 8 9 10 | 10.2
Conjurations   | 1 2 3 4 5 6 7 8 |  8.6
Hexes          | 1 2 3 4 5 6 7 8 |  8.6
Summonings     | 1 2 3 4 5 6 7 8 |  8.6
Necromancy     | 1 2 3 4 5 6 7 8 |  8.6
Translocations | 1 2 3 4 5 6 7 8 |  8.6
Transmutations | 1 2 3 4 5 6 7 8 |  8.6
Fire Magic     | 1 2 3 4 5 6 7 8 |  8.6
Ice Magic      | 1 2 3 4 5 6 7 8 |  8.6
Air Magic      | 1 2 3 4 5 6 7 8 |  8.6
Earth Magic    | 1 2 3 4 5 6 7 8 |  8.6
Poison Magic   | 1 2 3 4 5 6 7 8 |  8.6
Stealth        | 3 4 5 6 7 8 9 10 | 10.5
Fighting       | 5 6 7 8 9 10 11 | 11.1
Dodging        | 5 6 7 8 9 10 11 | 11.1
Crossbows      | 9 10 11 12 | 12.9

Action                   |  1- 3 |  4- 6 |  7- 9 | 10-12 | 13-15 || total
-------------------------+-------+-------+-------+-------+-------++-------
Melee: Short sword       |   105 |    17 |       |       |       ||   122
       Bite              |    10 |    17 |    36 |    64 |   286 ||   413
       Whip              |       |   266 |   326 |   480 |  1366 ||  2438
       Punch             |       |     3 |     2 |       |       ||     5
       Hand axe          |       |       |    36 |    60 |   188 ||   284
       Scimitar          |       |       |       |       |    93 ||    93
 Fire: Hand crossbow     |    15 |     3 |    15 |   291 |   177 ||   501
Invok: Curse Item        |       |       |     1 |     6 |     1 ||     8
       Shatter the Chain |       |       |       |     1 |     1 ||     2
Evoke: Wand              |       |       |       |     2 |       ||     2
  Use: Potion            |       |     3 |       |     3 |    11 ||    17
       Scroll            |       |       |     1 |     4 |     4 ||     9
 Stab: Sleeping          |     2 |       |       |       |     4 ||     6
       Invisible         |       |       |       |       |     4 ||     4
       Distracted        |       |       |       |       |     1 ||     1
Armor: Leather armour    |    20 |       |       |       |       ||    20
       Scale mail        |    12 |    10 |       |       |       ||    22
       Skin              |       |     8 |       |       |       ||     8
       Plate armour      |       |   157 |   236 |   276 |    70 ||   739
       Fire dragon scale |       |       |       |       |   273 ||   273
Dodge: Dodged            |    47 |    75 |   104 |   153 |   383 ||   762
Block: Other             |       |    35 |    94 |    10 |       ||   139
       Reflection        |       |       |     7 |    11 |    10 ||    28
       Buckler           |       |       |       |   283 |    94 ||   377
       Kite shield       |       |       |       |       |   820 ||   820
       Rpst.: Scimitar   |       |       |       |       |     4 ||     4
